cohdb
Replays
Latest Replays
All Replays
Popular Replays
Top Player Replays
Match Explorer
How It Works
Community
CoH3 Stats
Reddit
Sign in to upload your games and track your stats! →
Sign in with Steam
Match 42446426
Unlisted
Match 42446426
Overview
Messages
Build Orders
End
Royal Engineer Section
Construct Section Command Post
Dingo Light Scout Car
Vickers Machine Gun Team
Construct Platoon Command Post
Vickers Machine Gun Team
Humber Armored Car
Selects Air and Sea Battlegroup
Selects Commando Section Paradrop
Selects M1 Pack Howitzer Paradrop
6-pounder Anti-tank Gun Team
Construct Field Infirmary
6-pounder Anti-tank Gun Team
Selects Supply Surplus
Construct Company Command Post
Foot Guards Section
Matilda II Heavy Tank
RunningWithFate
Onoyk
Frühstück
TeLLoR 13
0
0
Comments
sign in to comment!
No comments posted yet!